 Dungeon Crawl Stone Soup version 0.28.0-53-g5a82cb258f (webtiles) character file.

Game seed: 5267664365167836979

148 beenburned the Chopper (level 5, -5/46 HPs)
             Began as a Hill Orc Fighter on June 15, 2022.
             Was a Believer of Vehumet.
             Killed by nerve-wracking pain
             ... invoked by an orc priest
              (14 damage)
             ... on level 3 of the Dungeon.
             The game lasted 00:09:34 (2138 turns).

beenburned the Chopper (Hill Orc Fighter)           Turns: 2138, Time: 00:09:36

Health: -5/46      AC:  7    Str: 21    XL:     5   Next: 30%
Magic:  5/5        EV:  9    Int:  8    God:    Vehumet [**....]
Gold:   112        SH:  4    Dex: 10    Spells: 3/4 levels left

rFire   . . .      SeeInvis .   a - +0 war axe
rCold   . . .      Faith    .   c - +0 buckler
rNeg    . . .      Spirit   .   b - +0 scale mail
rPois   .          Reflect  .   (no helmet)
rElec   .          Harm     .   (no cloak)
rCorr   .          Rampage  .   (no gloves)
Will    .....                   (no boots)
Stlth   ..........              (no amulet)
HPRegen 0.15/turn               (no ring)
MPRegen 0.09/turn               (no ring)

@: no status effects
A: no striking features
a: Renounce Religion, Convert to Beogh


You were on level 3 of the Dungeon.
You worshipped Vehumet.
Vehumet was pleased with you.
You visited 1 branch of the dungeon, and saw 4 of its levels.

You collected 112 gold pieces.

Inventory:

Hand Weapons
 a - a +0 war axe (weapon)
Missiles
 p - a throwing net (quivered)
Armour
 b - a +0 scale mail (worn)
 c - a +0 buckler (worn)
Scrolls
 e - 2 scrolls of teleportation
 j - a scroll of summoning
 m - a scroll of enchant weapon
 n - a scroll of magic mapping
 q - a scroll of immolation
 t - a scroll of vulnerability {unknown}
Potions
 d - a potion of might
 f - a potion of cancellation {unknown}
 g - 2 potions of attraction {unknown}
 i - a potion of flight {unknown}
 k - a potion of degeneration {unknown}
 l - a potion of curing {unknown}
 o - a potion of brilliance {unknown}
 r - a potion of lignification {unknown}
 s - a potion of haste {unknown}


   Skills:
 - Level 4.2 Fighting
 + Level 4.9 Axes
 + Level 4.2 Armour
 - Level 0.6 Dodging
 - Level 3.9 Shields


You had 3 spell levels left.
You knew the following spells:

 Your Spells              Type           Power      Damage    Failure   Level
a - Magic Dart            Conj           0%         1d3       83%         1

Your spell library contained the following spells:

 Spells                   Type           Power      Damage    Failure   Level


Dungeon Overview and Level Annotations

Branches:
Dungeon (4/15)
 Temple: D:4-7

Altars:
Makhleb
Vehumet
Zin


Message History

You completely miss the orc priest.
The orc priest shouts, "Surrender to Beogh and we'll let you live!"
The orc priest hits you with a +0 dagger. x2
An endoplasm comes into view.
The orc priest hits you but does no damage.
You are too injured to fight recklessly!
Okay, then.
The orc priest hits you but does no damage.
The orc priest calls down the wrath of Beogh upon you.
Pain shoots through your body!
* * * LOW HITPOINT WARNING * * *
You climb upwards.
There is a stone staircase leading down here.
Okay, then.
Okay, then.
Okay, then.
You barely miss the orc priest.
The orc priest is moderately wounded.
The orc priest threatens, "By the altar or by the axe, you will meet Beogh!"
The orc priest shouts, "Join the one true god or die!"
You slash the orc priest!
The orc priest threatens, "By the altar or by the axe, you will meet Beogh!"
The orc priest looks braver for a moment.
The orc priest hits you with a +0 dagger.
* * * LOW HITPOINT WARNING * * *
The orc priest looks encouraged for a moment.
You barely miss the orc priest.
The orc priest is moderately wounded.
You closely miss the orc priest.
The orc priest shouts, "Join the one true god or die!"
You block the orc priest's attack.
The orc priest hits you with a +0 dagger.
* * * LOW HITPOINT WARNING * * *
You slash the orc priest!
You kill the orc priest!
Vehumet accepts your kill.
You hit the orc priest.
The orc priest mumbles some strange prayers to Beogh against you.
Pain shoots through your body!
You die...

#.# #...... ##.# #...... #..#
#####...... ##.######
#..........
#.......#####......)...
#.......##.÷...........
##.......#..###.##......
##......)...###..###.....
#.......@....##.####.....
##.##÷...o.....#[###...#.#
#####.....######.#.......##..#
#.......### #............##
#.##..### ####.......#...
#....## #.........## #.####
##........... #.#
##............ #.#
#...........†.


You could see an orc priest.

Vanquished Creatures
  A jelly (D:1)
  An orc priest (D:3)
  3 adders
  5 worms
  3 dart slugs
  3 orcs
  5 bats
  7 endoplasms
  4 giant cockroaches (D:1)
  4 hobgoblins
  7 jackals
  A quokka (D:3)
  9 ball pythons
  4 frilled lizards
  4 goblins
  5 kobolds
  5 rats
71 creatures vanquished.

Notes
Turn   | Place    | Note
-------+----------+-------------------------------------------
     0 | D:1      | beenburned the Hill Orc Fighter began the quest for the
                  | Orb.
     0 | D:1      | Reached XP level 1. HP: 19/19 MP: 1/1
     0 | D:1      | Noticed a jelly
     2 | D:1      | Found a runed translucent door.
   180 | D:1      | You fall into a shaft and drop 1 floor!
   221 | D:1      | Reached XP level 2. HP: 27/27 MP: 2/2
   774 | D:1      | Found a faded altar of an unknown god.
   780 | D:1      | Prayed at the altar of an unknown god.
   780 | D:1      | Became a worshipper of Vehumet
   780 | D:1      | Reached * piety under Vehumet
   780 | D:1      | Offered knowledge of Freeze by Vehumet.
   891 | D:1      | Reached XP level 3. HP: 30/33 MP: 3/3
   897 | D:1      | Reached XP level 4. HP: 33/40 MP: 4/4
  1419 | D:2      | Reached ** piety under Vehumet
  1640 | D:2      | Offered knowledge of Magic Dart by Vehumet.
  1644 | D:2      | Learned a level 1 spell: Magic Dart
  1766 | D:3      | Reached XP level 5. HP: 41/46 MP: 5/5
  1834 | D:3      | Found a burning altar of Makhleb.
  1836 | D:3      | Found a glowing silver altar of Zin.
  1836 | D:3      | Noticed an angel
  1837 | D:3      | Noticed a balrug
  2138 | D:3      | Killed from afar by an orc priest

Illustrated notes

Levels and vault maps discovered:
D:1:      dpeg_arrival_caged_fury, layout_basic,
          shapermc_ecumenical_altar_hornbeckon, minmay_tromino_v4_b
D:2:      layout_rooms, hex_tiny
D:3:      layout_rooms, grunt_temple_overflow_order_and_chaos_2
D:4:      layout_cave_pools, minmay_misc_feat_four_crosses, corexii_shack,
          uniq_grinder, uniq_menkaure, uniq_duvessa, uniq_eustachio

Skill      XL: |  1  2  3  4 |
---------------+-------------+-----
Fighting       | 4 |  4.2
Axes           | 3 4 |  4.9
Armour         | 4 |  4.2
Dodging        | |  0.6
Shields        | |  3.9

Action                   |  1- 3 |  4- 6 || total
-------------------------+-------+-------++-------
Melee: War axe           |    53 |   118 ||   171
  Use: Potion            |     1 |       ||     1
       Scroll            |       |     7 ||     7
Armor: Scale mail        |    26 |    57 ||    83
Dodge: Dodged            |    17 |    43 ||    60
Block: Buckler           |    16 |    27 ||    43
